 Dungeon Crawl Stone Soup version 0.27-a0-1119-gbf574a6a6b (webtiles) character file.

Game seed: 17845255004765002094

37 IEatYoBabies the Magician (level 3, 0/26 HPs)
             Began as a Djinni Fire Elementalist on May 2, 2021.
             Slain by a jackal (1 damage)
             ... on level 2 of the Dungeon.
             The game lasted 00:04:15 (1296 turns).

IEatYoBabies the Magician (DjFE)                    Turns: 1296, Time: 00:04:15

Health: 0/26       AC:  2    Str:  7    XL:     3   Next: 39%
Gold:   132        EV: 12    Int: 17    God:
                   SH:  0    Dex: 13

rFire    + + .     SeeInvis .   c - +0 hand axe
rCold    x . .     Faith    .   (no shield)
rNeg     . . .     Spirit   .   a - +0 robe
rPois    ∞         Reflect  .   (no helmet)
rElec    .         Harm     .   (no cloak)
rCorr    .         Rampage  .   (no gloves)
Will     .....                  (boots unavailable)
Stlth    ++........             (no amulet)
HPRegen  0.08/turn              (no ring)
MPRegen  0.00/turn              (no ring)

@: flying
A: fire resistance 2, cold vulnerability 1, float, innate caster, hp casting,
extra vitality 1
a: no special abilities


You were on level 2 of the Dungeon.
You visited 1 branch of the dungeon, and saw 2 of its levels.

You collected 132 gold pieces.

Inventory:

Hand Weapons
 c - a +0 hand axe (weapon)
Missiles
 e - 25 stones
 h - 6 datura-tipped darts
Armour
 a - a +0 robe (worn)
 f - a +0 leather armour
Scrolls
 b - a scroll of amnesia {unknown}
 d - a scroll of teleportation {unknown}
 g - a scroll of magic mapping {unknown}


   Skills:
 * Level 0.4 Fighting
 * Level 2.6 Dodging
 + Level 1.6 Stealth
 * Level 3.4 Spellcasting


You couldn't memorise any spells.
You knew the following spells:

 Your Spells              Type           Power      Damage    Failure   Level
a - Foxfire               Conj/Fire      56%        2x1d6     4%          1
b - Conjure Flame         Conj/Fire      14%        6-21      12%         3
c - Inner Flame           Hex/Fire       14%        N/A       12%         3
d - Sticky Flame          Conj/Fire      14%        2d4       36%         4
e - Fireball              Conj/Fire      7%         3d5       73%         5
f - Summon Small Mammal   Summ           56%        N/A       4%          1
Your spell library was empty.

Dungeon Overview and Level Annotations

Branches:
Dungeon (2/15)

Altars:


Innate Abilities, Weirdness & Mutations

You are immune to poison.
Your flesh is very heat resistant. (rF++)
You are vulnerable to cold. (rC-)
You float through the air rather than walking.
You learn spells naturally, not from books.
Your magical power is your life essence.
You have superior vitality. (+4 HP)


Message History

Unknown command.
Your foxfire dissipates!
The foxfire hits the jackal.
The jackal is almost dead.
The jackal barely misses you. The jackal barely misses you.
The jackal closely misses you. The jackal barely misses you.
You see here a rat corpse.
The jackal bites you but does no damage.
There is an open door here.
The jackal closely misses you.
There is an open door here.
The jackal bites you but does no damage.
Casting: Foxfire (safe; 4% risk of failure)
Confirm with . or Enter, or press ? or * to list all spells.
You conjure some foxfire!
The jackal misses you.
Your foxfire dissipates!
An adder comes into view.
The jackal bites you.
* * * LOW HITPOINT WARNING * * *
The jackal bites you.
* * * LOW HITPOINT WARNING * * *
Unknown command.
Casting: Foxfire (safe; 4% risk of failure)
Confirm with . or Enter, or press ? or * to list all spells.
You conjure some foxfire!
* * * LOW HITPOINT WARNING * * *
The jackal bites you.
* * * LOW HITPOINT WARNING * * *
The jackal bites you but does no damage.
Your foxfire dissipates!
The foxfire hits the jackal.
The jackal is moderately wounded.
Casting: Foxfire (safe; 4% risk of failure)
Confirm with . or Enter, or press ? or * to list all spells.
You conjure some foxfire!
* * * LOW HITPOINT WARNING * * *
The jackal misses you. The jackal bites you.
You die...

####### #.....# #.....# #.....#
######.....# #..........#
#####.####.v...# #...#.# #@v...#
#...#.# #h....#
#...#.#####w###############
#...#.#>.h.................
#######...#.#.###..†............#
..........#.#.###...########....#
######....#.#...'...'.†....+....#
######....#...###...#####.##....#
..........###.###...#####..ww.#..


You could see a dart slug and a jackal (ally target).

Vanquished Creatures
  2 adders (D:2)
  A dart slug (D:1)
  2 hobgoblins (D:2)
  5 jackals
  A quokka (D:2)
  2 bats (D:1)
  2 frilled lizards (D:1)
  2 rats (D:2)
17 creatures vanquished.

Vanquished Creatures (collateral kills)
  A foxfire (D:1)
1 creature vanquished.

Vanquished Creatures (others)
  36 foxfires
  6 toadstools (D:1)
42 creatures vanquished.

Grand Total: 60 creatures vanquished

Notes
Turn   | Place    | Note
-------+----------+-------------------------------------------
     0 | D:1      | IEatYoBabies the Djinni Fire Elementalist began the quest
                  | for the Orb.
     0 | D:1      | Reached XP level 1. HP: 15/15 MP: 0/0
   283 | D:1      | Reached skill level 3 in Spellcasting
   283 | D:1      | Reached XP level 2. HP: 21/21 MP: 0/0
  1006 | D:2      | Reached XP level 3. HP: 18/26 MP: 0/0
  1006 | D:2      | Learned a level 1 spell: Summon Small Mammal
  1296 | D:2      | Slain by a jackal

Illustrated notes

Levels and vault maps discovered:
D:1:      dpeg_arrival_rooms_a, layout_loops_ring, serial_forest,
          infiniplex_forest_zigzag_1, infiniplex_forest_clump_small,
          infiniplex_forest_clump_long, infiniplex_forest_pool,
          infiniplex_forest_lined_2, minmay_gold_behind_fungi
D:2:      layout_basic

Skill      XL: |  1 |
---------------+----+-----
Spellcasting   | 3 |  3.4
Fighting       | |  0.4
Dodging        | |  2.6
Stealth        | |  1.6

Action                   || total
-------------------------++-------
Melee: Unarmed           ||     1
       Hand axe          ||     7
 Cast: Foxfire           ||    30
Armor: Robe              ||    12
Dodge: Dodged            ||    29

Table legend: (Time is in decaauts)
 A = Elapsed time spent in this place.
 B = Non-inter-level travel time spent in this place.
 C = Inter-level travel time spent in this place.
 D = Time resting spent in this place.
 E = Time spent auto-exploring this place.
 F = Levels seen in this place.
 G = Mean time per level.
                   A        B        C        D        E       F      G
               +--------+--------+--------+--------+--------+-----+--------+
         Total |   1298 |   1250 |     48 |      0 |   1073 |   2 |  649.0 |
       Dungeon |   1298 |   1250 |     48 |      0 |   1073 |   2 |  649.0 |
               +--------+--------+--------+--------+--------+-----+--------+

Top non-repeatable levels by time:
     D:1: 850 daAuts
     D:2: 448 daAuts
